[Event "Moscow-ch Women 2021"]
[Site "Moscow"]
[Date "2021.03.31"]
[Round "7.7"]
[White "Ivanova, Anastasia S."]
[Black "Lyutsinger, Iren"]
[Result "0-1"]
[ECO "A45"]
[WhiteElo "1830"]
[BlackElo "1464"]
[Annotator "NA"]
[PlyCount "93"]
[EventDate "2021.03.25"]
[EventType "swiss"]
[EventCountry "RUS"]
[SourceTitle "playchess.com"]
[Source "ChessBase"]
[SourceQuality "1"]
[TimeControl "5400+30"]

1. d4 Nf6 2. Bg5 Ne4 3. Bf4 d5 4. f3 Nf6 5. c4 c5 6. e3 Nc6 7. Be5 dxc4 8. Bxc4 cxd4 9. Bxd4 e5 10. Bc3 Qxd1+ 11. Kxd1 Bc5 12. Ke2 Bf5 13. g4 Be6 14. Bb5 O-O-O 15. Bxc6 bxc6 16. b3 Rhe8 17. h3 Nd5 18. Bd2 f5 19. g5 f4 20. e4 Ne3 21. Nc3 Nc2 22. Rc1 Nd4+ 23. Ke1 Ba3 24. Rd1 Rd7 25. Bc1 Bb4 26. Bb2 Red8 27. Kf2 Bc5 28. Kg2 h6 29. h4 Be7 30. Kf2 Bc5 31. Kg2 Bf7 32. Nh3 Bh5 33. Ng1 a6 34. Na4 Ba7 35. Bc3 Kb7 36. Ba5 Nc2 37. Rxd7+ Rxd7 38. Ne2 Ne3+ 39. Kh3 Bxf3 40. Re1 hxg5 41. Bc3 g4+ 42. Kh2 g3+ 43. Nxg3 fxg3+ 44. Kxg3 Bxe4 45. Bxe5 Rf7 46. Bf4 Bd5 47. Rc1 0-1

[Event "Moscow-ch Women 2021"]
[Site "Moscow"]
[Date "2021.03.31"]
[Round "7.8"]
[White "Kuznetsova, Veronika"]
[Black "Antonova, Nadezhda"]
[Result "1/2-1/2"]
[ECO "B26"]
[WhiteElo "1343"]
[BlackElo "1877"]
[Annotator "NA"]
[PlyCount "177"]
[EventDate "2021.03.25"]
[EventType "swiss"]
[EventCountry "RUS"]
[SourceTitle "playchess.com"]
[Source "ChessBase"]
[SourceQuality "1"]
[TimeControl "5400+30"]

1. e4 c5 2. Nc3 Nc6 3. g3 g6 4. Bg2 Bg7 5. d3 d6 6. Be3 Rb8 7. Qd2 b5 8. h3 b4 9. Nd1 h5 10. Nf3 Nf6 11. O-O Bb7 12. c3 a5 13. a3 O-O 14. Bh6 c4 15. Bxg7 Kxg7 16. axb4 axb4 17. Ne3 Na5 18. Nf5+ gxf5 19. Qg5+ Kh8 20. Qh6+ Kg8 21. Qg5+ Kh7 22. Qxf5+ Kh8 23. Qxa5 Qxa5 24. Rxa5 cxd3 25. Nd2 bxc3 26. bxc3 Rfc8 27. c4 Bc6 28. Ra3 Nd7 29. Rxd3 Rb2 30. Nb1 Ra8 31. Rd2 Rb3 32. Rdd1 Ra2 33. Rc1 Nc5 34. Nc3 Raa3 35. Nd5 Ra7 36. Rb1 Rba3 37. h4 Kg7 38. Rfe1 f6 39. Nf4 Be8 40. Nd5 Ra2 41. Ne3 Nd3 42. Rf1 Bf7 43. Nd5 Be6 44. Rbd1 Ne5 45. Rc1 Bg4 46. Nf4 Be2 47. Nxe2 Rxe2 48. Rfe1 Rea2 49. Red1 R7a3 50. Rf1 Nd3 51. Rcd1 Ne5 52. Rc1 Rb2 53. c5 Nd3 54. Rb1 Rxb1 55. Rxb1 dxc5 56. Bf3 Kg6 57. Be2 Ne5 58. Rc1 Ra5 59. Kg2 Ra2 60. Kf1 Ra5 61. Kg2 Nc6 62. Kg1 Nd4 63. Bd3 Kf7 64. Kf1 Ke6 65. Be2 Nxe2 66. Kxe2 Ke5 67. Ke3 Ra3+ 68. Ke2 Kd4 69. f3 Ra2+ 70. Kf1 c4 71. g4 hxg4 72. fxg4 Rh2 73. Rd1+ Kxe4 74. h5 c3 75. Kg1 Rh4 76. Kf2 Rxg4 77. Rh1 Kd3 78. h6 c2 79. h7 Rh4 80. Rxh4 c1=Q 81. h8=Q Qe3+ 82. Kg2 Qd2+ 83. Kg3 Qe3+ 84. Kg2 Qd2+ 85. Kg3 Qe3+ 86. Kg2 Qd2+ 87. Kg3 Qe3+ 88. Kg2 Qd2+ 89. Kg3 1/2-1/2

[Event "Moscow-ch Women 2021"]
[Site "Moscow"]
[Date "2021.03.31"]
[Round "7.9"]
[White "Cherepanova, Evita"]
[Black "Mayorova, Varvara"]
[Result "1-0"]
[ECO "B42"]
[WhiteElo "1621"]
[BlackElo "1446"]
[Annotator "NA"]
[PlyCount "93"]
[EventDate "2021.03.25"]
[EventType "swiss"]
[EventCountry "RUS"]
[SourceTitle "playchess.com"]
[Source "ChessBase"]
[SourceQuality "1"]
[TimeControl "5400+30"]

1. e4 c5 2. Nf3 e6 3. d4 cxd4 4. Nxd4 a6 5. Bd3 Nf6 6. O-O Qc7 7. Qe2 d6 8. c4 Be7 9. Nc3 Nbd7 10. f4 O-O 11. Be3 Re8 12. Rad1 b6 13. Nf3 e5 14. f5 Bb7 15. Nd5 Nxd5 16. cxd5 Nf6 17. Nd2 b5 18. g4 h6 19. h4 Nh7 20. Nf3 Qd8 21. Qf2 Bf6 22. Qg3 Bxd5 23. g5 hxg5 24. hxg5 Bxa2 25. gxf6 Qxf6 26. Rd2 g6 27. Nh4 g5 28. Rg2 Qg7 29. Bxg5 Nxg5 30. Qxg5 Qxg5 31. Rxg5+ Kf8 32. f6 Red8 33. Be2 Be6 34. Nf5 Ke8 35. Ng7+ Kd7 36. Nxe6 fxe6 37. Rg7+ Kc6 38. f7 Rf8 39. Bg4 Kd7 40. Rf6 Ra7 41. Rxe6 Kc6 42. Bh5 a5 43. Re8 Ra8 44. Rxa8 Rd8 45. Rb8 Rxb8 46. Rg8 Rxg8+ 47. fxg8=Q 1-0

[Event "Moscow-ch Women 2021"]
[Site "Moscow"]
[Date "2021.03.31"]
[Round "7.10"]
[White "Shevtsova, Stefania"]
[Black "Kunikova, Polina S"]
[Result "1-0"]
[ECO "C78"]
[WhiteElo "1654"]
[BlackElo "1028"]
[Annotator "NA"]
[PlyCount "83"]
[EventDate "2021.03.25"]
[EventType "swiss"]
[EventCountry "RUS"]
[SourceTitle "playchess.com"]
[Source "ChessBase"]
[SourceQuality "1"]
[TimeControl "5400+30"]

1. e4 e5 2. Nf3 Nc6 3. Bb5 a6 4. Ba4 b5 5. Bb3 Bc5 6. c3 Bb6 7. O-O Nf6 8. Re1 O-O 9. h3 Bb7 10. d3 h6 11. Nbd2 Qe7 12. Nf1 Qd6 13. Ng3 Ne7 14. d4 Ne8 15. Nxe5 c5 16. Nf3 Qc7 17. Be3 c4 18. Bc2 Nf6 19. e5 Nfd5 20. Nd2 d6 21. exd6 Qxd6 22. Nde4 Qc6 23. Qf3 Nxe3 24. Rxe3 Ng6 25. Rae1 Qd7 26. Qf5 Qc7 27. h4 Bc8 28. Qd5 Be6 29. Qd6 Qxd6 30. Nxd6 Nxh4 31. Nh5 Rad8 32. Ne4 Bg4 33. Nhf6+ gxf6 34. Nxf6+ Kg7 35. Nxg4 b4 36. Ne5 bxc3 37. bxc3 Ng6 38. Nxc4 Ba7 39. Ne5 Ne7 40. Nxf7 Rxf7 41. Rxe7 Rc8 42. Bb3 1-0

[Event "Moscow-ch Women 2021"]
[Site "Moscow"]
[Date "2021.04.01"]
[Round "8.8"]
[White "Korovina, Yana"]
[Black "Shevtsova, Stefania"]
[Result "1/2-1/2"]
[ECO "B13"]
[WhiteElo "1531"]
[BlackElo "1654"]
[Annotator "NA RC"]
[PlyCount "64"]
[EventDate "2021.03.25"]
[EventType "swiss"]
[EventCountry "RUS"]
[SourceTitle "playchess.com"]
[Source "ChessBase"]
[SourceQuality "1"]
[TimeControl "5400+30"]

1. e4 c6 2. d4 d5 3. exd5 cxd5 4. c4 Nf6 5. Nc3 Nc6 6. Nf3 Bg4 7. cxd5 Nxd5 8. Qb3 Bxf3 9. gxf3 e6 10. Qxb7 Nxd4 11. Bb5+ Nxb5 12. Qc6+ Ke7 13. Qxb5 Qd7 14. Qxd7+ Kxd7 15. Nxd5 exd5 16. Be3 Ke6 17. Ke2 Bd6 18. Rac1 Rhc8 19. h3 Be5 20. b3 a5 21. Rxc8 Rxc8 22. Rc1 Rxc1 23. Bxc1 d4 24. Kd3 Kd5 25. Bb2 g6 26. a3 f5 27. Bc1 Bc7 28. Bb2 Bb6 29. Bc1 Bc7 30. Bb2 Bb6 31. Bc1 Bc7 32. Bb2 Bb6 1/2-1/2

[Event "Moscow-ch Women 2021"]
[Site "Moscow"]
[Date "2021.04.01"]
[Round "8.9"]
[White "Panina, Sofya"]
[Black "Kuznetsova, Veronika"]
[Result "0-1"]
[ECO "D56"]
[WhiteElo "1341"]
[BlackElo "1343"]
[Annotator "NA RC"]
[PlyCount "74"]
[EventDate "2021.03.25"]
[EventType "swiss"]
[EventCountry "RUS"]
[SourceTitle "playchess.com"]
[Source "ChessBase"]
[SourceQuality "1"]
[TimeControl "5400+30"]

1. d4 d5 2. c4 e6 3. Nc3 Nf6 4. Bg5 Be7 5. e3 h6 6. Bh4 O-O 7. Nf3 a6 8. Be2 dxc4 9. Bxc4 b5 10. Be2 Bb7 11. O-O Nbd7 12. Qc2 c5 13. Rad1 Qb6 14. Ne5 Rfe8 15. dxc5 Nxc5 16. Bf3 Bxf3 17. Nxf3 Red8 18. Rxd8+ Rxd8 19. Rd1 Rxd1+ 20. Qxd1 Qc7 21. Bg3 Qc8 22. h3 Nce4 23. Nxe4 Nxe4 24. Bh2 Nf6 25. Nd4 Qc4 26. a3 Nd5 27. g4 Bf6 28. Bd6 Nb6 29. Bb4 Qd5 30. f4 Nc4 31. Qe2 Bxd4 32. exd4 Qxd4+ 33. Kg2 Qxb2 34. Qxb2 Nxb2 35. Kf3 f6 36. Ke4 Kf7 37. Kd4 Na4 0-1

[Event "Moscow-ch Women 2021"]
[Site "Moscow"]
[Date "2021.04.01"]
[Round "8.10"]
[White "Barkasheva, Sofia"]
[Black "Kunikova, Polina S"]
[Result "1-0"]
[ECO "C70"]
[WhiteElo "1634"]
[BlackElo "1028"]
[Annotator "NA RC"]
[PlyCount "49"]
[EventDate "2021.03.25"]
[EventType "swiss"]
[EventCountry "RUS"]
[SourceTitle "playchess.com"]
[Source "ChessBase"]
[SourceQuality "1"]
[TimeControl "5400+30"]

1. e4 e5 2. Nf3 Nc6 3. Bb5 a6 4. Ba4 b5 5. Bb3 Bb7 6. c3 Na5 7. Bc2 d5 8. Qe2 f6 9. O-O Bd6 10. Re1 Ne7 11. d4 Ng6 12. exd5 Bxd5 13. Bxg6+ hxg6 14. dxe5 Bxf3 15. Qxf3 fxe5 16. Qg3 Qf6 17. Bg5 Qe6 18. Nd2 Kd7 19. Ne4 Nc6 20. f4 Qf5 21. Rad1 Ke6 22. Qd3 Kd7 23. Qd5 Qe6 24. Nc5+ Kc8 25. Qxe6+ 1-0

[Event "Moscow-ch Women 2021"]
[Site "Moscow"]
[Date "2021.04.02"]
[Round "9.1"]
[White "Ilyina, Lada"]
[Black "Charochkina, Daria"]
[Result "0-1"]
[ECO "A38"]
[WhiteElo "1959"]
[BlackElo "2337"]
[Annotator "ChessBase"]
[PlyCount "82"]
[EventDate "2021.03.25"]
[EventType "swiss"]
[EventCountry "RUS"]
[SourceTitle "playchess.com"]
[Source "ChessBase"]
[SourceQuality "1"]
[TimeControl "5400+30"]

1. c4 d6 2. Nc3 c5 3. g3 Nc6 4. Bg2 g6 5. d3 Bg7 6. Nf3 Nf6 7. O-O O-O 8. a3 Ne8 9. Rb1 Nc7 10. Nd5 Rb8 11. b4 cxb4 12. axb4 b5 13. Be3 Bd7 14. Qd2 bxc4 15. dxc4 Bf5 16. Rbc1 e6 17. Nxc7 Qxc7 18. b5 Ne5 19. c5 d5 20. b6 Qe7 21. Nxe5 Bxe5 22. f4 Bf6 23. c6 axb6 24. c7 Ra8 25. Bxb6 Rfc8 26. g4 Bxg4 27. e4 Ra6 28. Ba5 Qa3 29. Bb4 Qb3 30. exd5 Ra2 31. Qxa2 Qxa2 32. d6 Bd4+ 33. Kh1 e5 34. f5 Qa4 35. Bc6 Qxb4 36. d7 Qf8 37. Bb7 Rxc7 38. Rxc7 Kg7 39. Rc8 Qb4 40. Bd5 Qb5 41. Bc4 Qb7+ 0-1

[Event "Moscow-ch Women 2021"]
[Site "Moscow"]
[Date "2021.04.02"]
[Round "9.2"]
[White "Diakonova, Ekaterina"]
[Black "Paramzina, Anastasya"]
[Result "1-0"]
[ECO "B80"]
[WhiteElo "2156"]
[BlackElo "2252"]
[Annotator "ChessBase"]
[PlyCount "79"]
[EventDate "2021.03.25"]
[EventType "swiss"]
[EventCountry "RUS"]
[SourceTitle "playchess.com"]
[Source "ChessBase"]
[SourceQuality "1"]
[TimeControl "5400+30"]

1. e4 c5 2. Nf3 d6 3. d4 Nf6 4. Nc3 cxd4 5. Nxd4 a6 6. f3 e6 7. Be3 h5 8. a4 Qc7 9. Be2 b6 10. O-O Bb7 11. Qd2 Be7 12. Rad1 Nbd7 13. Bg5 Rc8 14. Kh1 Nf8 15. Bxf6 gxf6 16. f4 h4 17. h3 Rg8 18. f5 Qc5 19. Qh6 Qb4 20. Bh5 e5 21. Ne6 Rg3 22. Nxf8 Qxb2 23. Qh7 Qxc3 24. Qxf7+ Kd8 25. Rxd6+ Kc7 26. Qxe7+ Kb8 27. Bf3 Qc4 28. Rf2 Qb4 29. Rfd2 Qa3 30. Nd7+ Ka7 31. Rf2 Rc6 32. Re6 Qc1+ 33. Kh2 Qf4 34. Kg1 Rxc2 35. Rxc2 Qxf3 36. Qd6 Qe3+ 37. Rf2 Qe1+ 38. Kh2 Rg8 39. Qxb6+ Ka8 40. Nc5 1-0

[Event "Moscow-ch Women 2021"]
[Site "Moscow"]
[Date "2021.04.02"]
[Round "9.3"]
[White "Zvereva, Margarita"]
[Black "Dimitrova, Aleksandra"]
[Result "1/2-1/2"]
[ECO "E32"]
[WhiteElo "1951"]
[BlackElo "2275"]
[Annotator "ChessBase"]
[PlyCount "112"]
[EventDate "2021.03.25"]
[EventType "swiss"]
[EventCountry "RUS"]
[SourceTitle "playchess.com"]
[Source "ChessBase"]
[SourceQuality "1"]
[TimeControl "5400+30"]

1. d4 Nf6 2. c4 e6 3. Nc3 Bb4 4. Qc2 O-O 5. e4 d5 6. e5 Ne4 7. Bd3 c5 8. Nf3 Nc6 9. O-O Bxc3 10. bxc3 cxd4 11. Ba3 Re8 12. cxd4 Qa5 13. Qb2 Qd8 14. Rae1 Ng5 15. Nxg5 Qxg5 16. f4 Qd8 17. Bc5 b6 18. Bd6 Ba6 19. Qc3 Bxc4 20. Bxc4 dxc4 21. Qxc4 Ne7 22. Bxe7 Rxe7 23. f5 Rc8 24. Qd3 exf5 25. Rxf5 Rc5 26. Qe3 Rd5 27. Rf4 Qd7 28. Qf2 Qe6 29. Rc1 Ra5 30. Rc2 h6 31. h3 Kh7 32. Rg4 Ra3 33. Rg3 Rxg3 34. Qxg3 Qf5 35. Qc3 Rd7 36. Rd2 Qe4 37. Qd3 Qxd3 38. Rxd3 Kg6 39. Kf2 Kf5 40. Ke3 f6 41. exf6 Kxf6 42. Rc3 Ke6 43. Ke4 Kd6 44. d5 Rc7 45. Rg3 Rc4+ 46. Kd3 Kxd5 47. Rxg7 Ra4 48. Rd7+ Ke5 49. Re7+ Kd5 50. Rd7+ Ke5 51. Re7+ Kf4 52. Re2 Kg3 53. Kc3 h5 54. Kb3 Rf4 55. Re5 h4 56. Rg5+ Kf2 1/2-1/2

[Event "Moscow-ch Women 2021"]
[Site "Moscow"]
[Date "2021.04.02"]
[Round "9.5"]
[White "Danilova, Rada"]
[Black "Gorovenko, Darya"]
[Result "0-1"]
[ECO "A65"]
[WhiteElo "2048"]
[BlackElo "2106"]
[Annotator "ChessBase"]
[PlyCount "92"]
[EventDate "2021.03.25"]
[EventType "swiss"]
[EventCountry "RUS"]
[SourceTitle "playchess.com"]
[Source "ChessBase"]
[SourceQuality "1"]
[TimeControl "5400+30"]

1. d4 Nf6 2. c4 g6 3. Nc3 Bg7 4. e4 d6 5. Nge2 O-O 6. Ng3 c5 7. d5 e6 8. Be2 exd5 9. cxd5 a6 10. a4 Qa5 11. O-O b5 12. Bf4 b4 13. Nb1 Qc7 14. a5 Bd7 15. Re1 Bb5 16. Nd2 Nfd7 17. Qc2 Rc8 18. Bg4 h5 19. Bxh5 gxh5 20. Nxh5 Nf6 21. Nxg7 Kxg7 22. e5 Nxd5 23. exd6 Qd7 24. Bg3 Qg4 25. Ne4 Nd7 26. Rad1 Qf5 27. Qd2 Bc6 28. f3 Re8 29. Qf2 N5f6 30. Nxf6 Nxf6 31. Re7 Rad8 32. Rc7 Rc8 33. Ra7 Bb5 34. Bh4 Nd7 35. Qg3+ Qg6 36. Qf4 Re6 37. Bf2 Rce8 38. h4 Rf6 39. Qh2 Rxf3 40. h5 Qc2 41. gxf3 Qxd1+ 42. Kg2 Bf1+ 43. Kg3 Qxd6+ 44. f4 Rg8 45. Qh4 Kh7+ 46. Kh2 Qd5 0-1

[Event "Moscow-ch Women 2021"]
[Site "Moscow"]
[Date "2021.04.02"]
[Round "9.6"]
[White "Kuznetsova, Veronika"]
[Black "Ivanova, Anastasia S."]
[Result "0-1"]
[ECO "B26"]
[WhiteElo "1343"]
[BlackElo "1830"]
[Annotator "NA"]
[PlyCount "84"]
[EventDate "2021.03.25"]
[EventType "swiss"]
[EventCountry "RUS"]
[SourceTitle "playchess.com"]
[Source "ChessBase"]
[SourceQuality "1"]
[TimeControl "5400+30"]

1. e4 c5 2. Nc3 Nc6 3. g3 g6 4. Bg2 Bg7 5. d3 d6 6. Be3 e6 7. Qd2 Rb8 8. Nf3 Nd4 9. Nd1 e5 10. c3 Bh3 11. Nxd4 Bxg2 12. Bg5 Qd7 13. Rg1 cxd4 14. Rxg2 h6 15. Bh4 g5 16. Bxg5 hxg5 17. cxd4 g4 18. d5 Bh6 19. Qb4 Nf6 20. Nc3 Ke7 21. Ke2 Nh7 22. Rgg1 Ng5 23. Rad1 Nf3 24. Rh1 Rbg8 25. Nb5 a6 26. Na3 b5 27. Kf1 Nd4 28. Kg2 f5 29. Nb1 f4 30. Nd2 f3+ 31. Kg1 Rc8 32. h4 gxh3 33. Kh2 Rc2 34. Rhf1 Ra8 35. Nb3 Be3 36. Nxd4 Bxd4 37. Qe1 Re2 38. Qa5 Bxf2 39. Kh1 Qd8 40. Qa3 Bxg3 41. Rxf3 Qg8 42. d4 Bf4 0-1

[Event "Moscow-ch Women 2021"]
[Site "Moscow"]
[Date "2021.04.02"]
[Round "9.7"]
[White "Lyutsinger, Iren"]
[Black "Barkasheva, Sofia"]
[Result "1-0"]
[ECO "B25"]
[WhiteElo "1464"]
[BlackElo "1634"]
[Annotator "NA"]
[PlyCount "97"]
[EventDate "2021.03.25"]
[EventType "swiss"]
[EventCountry "RUS"]
[SourceTitle "playchess.com"]
[Source "ChessBase"]
[SourceQuality "1"]
[TimeControl "5400+30"]

1. e4 c5 2. Nc3 Nc6 3. g3 g6 4. Bg2 Bg7 5. d3 d6 6. f4 e6 7. Nf3 Nge7 8. O-O O-O 9. Be3 Nd4 10. Rb1 Rb8 11. Ne2 Nxf3+ 12. Bxf3 b6 13. c3 Bb7 14. d4 cxd4 15. cxd4 f5 16. Nc3 Qd7 17. e5 Rfd8 18. Bxb7 Qxb7 19. Qb3 Qd7 20. Rbd1 Kh8 21. Bf2 b5 22. Rfe1 d5 23. Ne2 a5 24. Nc1 a4 25. Qf3 Nc6 26. Nd3 Bf8 27. g4 Qf7 28. Nc5 Bxc5 29. dxc5 fxg4 30. Qxg4 Rf8 31. Bg3 Qf5 32. Qe2 Rfc8 33. Qf2 Nb4 34. Re3 Nxa2 35. Bh4 b4 36. Bf6+ Kg8 37. Rde1 b3 38. Rg3 a3 39. Re2 Qb1+ 40. Kg2 Nc1 41. Ree3 a2 42. Rxg6+ Qxg6+ 43. Rg3 a1=Q 44. Rxg6+ hxg6 45. Qh4 Qxb2+ 46. Kh1 Rb7 47. Qh8+ Kf7 48. Qg7+ Ke8 49. Qxb7 1-0

[Event "Moscow-ch Women 2021"]
[Site "Moscow"]
[Date "2021.04.02"]
[Round "9.8"]
[White "Shvedova, Alexandra"]
[Black "Korovina, Yana"]
[Result "1-0"]
[ECO "C42"]
[WhiteElo "1997"]
[BlackElo "1531"]
[Annotator "ChessBase"]
[PlyCount "89"]
[EventDate "2021.03.25"]
[EventType "swiss"]
[EventCountry "RUS"]
[SourceTitle "playchess.com"]
[Source "ChessBase"]
[SourceQuality "1"]
[TimeControl "5400+30"]

1. e4 e5 2. Nf3 Nf6 3. Nxe5 d6 4. Nf3 Nxe4 5. Bd3 Nf6 6. O-O Be7 7. c3 O-O 8. Bc2 Bg4 9. d4 d5 10. Nbd2 Nbd7 11. Re1 Re8 12. Nf1 Bd6 13. Ne3 Bh5 14. Bd2 c6 15. Nf5 Rxe1+ 16. Qxe1 Qc7 17. Nxd6 Qxd6 18. Ne5 Re8 19. f4 Qe6 20. f5 Qe7 21. Bf4 Nxe5 22. dxe5 Nd7 23. h3 g5 24. Qg3 h6 25. f6 Qe6 26. Bxg5 Bg6 27. Bxg6 fxg6 28. Bxh6 Nxe5 29. Bg7 Kf7 30. Qh4 Nd3 31. Bh6 Rh8 32. Qg5 Qe2 33. Rf1 Re8 34. Qg3 Re5 35. h4 b6 36. a4 a6 37. b4 b5 38. axb5 cxb5 39. Bg5 Qe4 40. Bd2 d4 41. h5 dxc3 42. hxg6+ Qxg6 43. Qxg6+ Kxg6 44. f7 cxd2 45. f8=Q 1-0

[Event "Moscow-ch Women 2021"]
[Site "Moscow"]
[Date "2021.04.02"]
[Round "9.9"]
[White "Cherepanova, Evita"]
[Black "Gerasimova, Maria V."]
[Result "1-0"]
[ECO "C04"]
[WhiteElo "1621"]
[BlackElo "1166"]
[Annotator "NA"]
[PlyCount "67"]
[EventDate "2021.03.25"]
[EventType "swiss"]
[EventCountry "RUS"]
[SourceTitle "playchess.com"]
[Source "ChessBase"]
[SourceQuality "1"]
[TimeControl "5400+30"]

1. e4 e6 2. d4 d5 3. Nd2 Nc6 4. Ngf3 Nf6 5. e5 Nd7 6. c3 f6 7. exf6 Nxf6 8. Bd3 Bd6 9. O-O O-O 10. Re1 Re8 11. Ne5 Bxe5 12. dxe5 Nd7 13. Nf3 h6 14. Bf4 Rf8 15. Bg3 Qe8 16. Qc2 Ne7 17. Nh4 Nc5 18. Bh7+ Kh8 19. Bg6 Qb5 20. a4 Qb3 21. Qe2 Qc4 22. Qh5 Bd7 23. Rad1 Bxa4 24. Rd4 Qb3 25. Bf4 Nxg6 26. Nxg6+ Kh7 27. Nxf8+ Rxf8 28. Bxh6 Rf5 29. Bg5+ Kg8 30. Rh4 Qxb2 31. Qh8+ Kf7 32. Be3 Nd3 33. Rf1 Bb5 34. Rh7 1-0

[Event "Moscow-ch Women 2021"]
[Site "Moscow"]
[Date "2021.04.02"]
[Round "9.10"]
[White "Shevtsova, Stefania"]
[Black "Mayorova, Varvara"]
[Result "1-0"]
[ECO "B22"]
[WhiteElo "1654"]
[BlackElo "1446"]
[Annotator "NA"]
[PlyCount "81"]
[EventDate "2021.03.25"]
[EventType "swiss"]
[EventCountry "RUS"]
[SourceTitle "playchess.com"]
[Source "ChessBase"]
[SourceQuality "1"]
[TimeControl "5400+30"]

1. e4 c5 2. c3 d5 3. exd5 Qxd5 4. d4 Nf6 5. Nf3 Bg4 6. Nbd2 cxd4 7. cxd4 Nc6 8. h3 Bh5 9. Qa4 e6 10. Bc4 Qa5 11. Qxa5 Nxa5 12. Bb5+ Kd8 13. g4 Bg6 14. Ne5 Bd6 15. f4 Ke7 16. O-O a6 17. Be2 Bc2 18. b3 h6 19. Bb2 Rac8 20. Rac1 Bh7 21. Ndc4 Nxc4 22. bxc4 b6 23. Rf3 Be4 24. Rb3 Rb8 25. c5 Bxe5 26. dxe5 Nd5 27. cxb6 Rhd8 28. Ba3+ Ke8 29. Bxa6 Nxb6 30. Bd6 Bd5 31. Rb2 Nd7 32. Bxb8 Nxb8 33. Bb7 f6 34. Bxd5 exd5 35. Rb7 fxe5 36. fxe5 Nd7 37. Rcc7 d4 38. e6 Ne5 39. Rxg7 Kf8 40. e7+ Kxg7 41. exd8=Q+ 1-0